AoeStats
← luchinleonel

Arena

510568323Analyzed
2v2 RM · 21h ago on Oct 1, 2026· 37m 48s· 4 players
Game mode
Random Map
Map size
Medium (4 player)
Population
200
Speed
Normal
Resources
Standard
Victory
Conquest
Starting age
Dark Age
Ending age
Imperial Age
RankedLock teamsTeams togetherTeam positionsShared explorationLock speedFull tech treeHidden civsTurbo modeCheats
Victory
Defeat
🇦🇷 Dravidians · Argentina
753
+24
🇦🇷 Ethiopians · Argentina
727
+25
🇧🇷 Burmese · Brazil
1000
-100
🇲🇽 Berbers · Mexico
915
-70
DarkGian5621
0:41 Loom
11:12 Feudal Age
12:32 Wheelbarrow
15:08 Stone Mining
15:04 Horse Collar
32:25 Castle Age
32:52 Gold Mining
33:23 Padded Archer Armor
33:14 Fletching
34:18 Man-at-Arms
34:24 Crossbowman
37:23 Gold Shaft Mining
Jon Doe9482
10:59 Feudal Age
12:59 Double-Bit Axe
14:11 Wheelbarrow
21:19 Horse Collar
25:55 Castle Age
26:28 Gold Mining
26:31 Stone Mining
luchinleonel
10:25 Feudal Age
11:36 Double-Bit Axe
15:21 Castle Age
17:16 Horse Collar
17:51 Stone Mining
22:03 Wheelbarrow
22:35 Pikeman
23:24 Gold Mining
30:43 Imperial Age
29:40 Forging
29:31 Scale Mail Armor
29:34 Fletching
29:45 Padded Archer Armor
32:17 Hand Cart
33:46 Halberdier
36:46 Iron Casting
36:27 Chain Mail Armor
36:20 Scale Barding Armor
36:11 Bodkin Arrow
36:34 Leather Archer Armor
La arana2897
11:19 Feudal Age
11:47 Double-Bit Axe
11:53 Horse Collar
17:21 Castle Age
17:53 Stone Mining
18:28 Bow Saw
18:27 Heavy Plow
20:26 Wheelbarrow
25:09 Forging
25:47 Scale Barding Armor
26:42 Husbandry
29:44 Loom
30:15 Hand Cart
34:27 Imperial Age
31:58 Gold Mining
35:14 Halberdier
35:17 Cavalier
36:40 Iron Casting
36:27 Chain Barding Armor
37:29 Ballistics
38:09 Chemistry
Connection lost

Rejoining the realm…

Still unreachable

The connection could not be restored.

Session expired

The server has moved on; the page needs a fresh start.